 Dungeon Crawl Stone Soup version 0.31-a0-543-geaa9c7a2c0 (webtiles) character file.

Game seed: 13757672103325537356

2 Ethylacetat the Insei (level 1, 0/21 HPs)
             Began as an Octopode Gladiator on Aug 15, 2023.
             Succumbed to a goblin's poison
             ... on level 1 of the Dungeon.
             The game lasted 00:00:26 (68 turns).

Ethylacetat the Insei (Octopode Gladiator)            Turns: 68, Time: 00:00:27

Health: 0/21       AC: 20    Str: 13    XL:     1   Next: 30%
Magic:  1/1        EV:  2    Int: 10    God:
Gold:   18         SH:  0    Dex: 19    Spells: 0/0 levels left

rFire   . .          .
                       - Unarmed
rCold   . . .        (no shield)
rNeg    . . .        a - melded +0 hat
rPois   +            (no amulet)
rElec   .            d - +6 ring of dexterity
rCorr   .            (no ring)
SInv    .            (no ring)
Will    .....        (no ring)
Stlth   ++           (no ring)
HPRegen 0.23/turn    (no ring)
MPRegen 0.07/turn    (no ring)
                     (no ring)

%: no passive effects
@: lethally poisoned (0 -> 0), tree-form
A: stationary, stasis, torment immunity, boosted hp, almost no armour,
(amphibious), 8 rings, (camouflage 1), (gelatinous body 1), (nimble swimmer 1),
(tentacles)
a: no special abilities


You were on level 1 of the Dungeon.
You were a tree.
You visited 1 branch of the dungeon, and saw 1 of its levels.

You collected 18 gold pieces.

Inventory:

Missiles
 b - 3 throwing nets (quivered)
 c - a javelin
Armour
 a - a +0 hat (melded)
Jewellery
 d - a +6 ring of dexterity (left branch)
Potions
 e - a potion of lignification


   Skills:
 + Level 2.0 Fighting
 - Level 2.0 Throwing
 + Level 3.0 Dodging
 + Level 3.0 Unarmed Combat


You couldn't memorise any spells.
You didn't know any spells.
Your spell library was empty.

Dungeon Overview and Level Annotations

Branches:
Dungeon (1/15)

Altars:


Innate Abilities, Weirdness & Mutations

You are a tree.
Your roots penetrate the ground, keeping you stationary.
You cannot be teleported.
You are immune to unholy pain and torment.
Your maximum health is greatly increased.
You cannot wear most types of armour.
((You are amphibious.))
You can wear up to eight rings at the same time.
((Your skin changes colour to match your surroundings (Stealth+).))
((Your rubbery body absorbs attacks. (AC +1, EV +1)))
((You are camouflaged when in or above water. (Stealth+)))
((You have tentacles for arms and can constrict up to eight enemies at once.))


Message History

The goblin shouts!
The goblin hits you with a +2 dagger of venom.
You are lethally poisoned!
There is a lethal amount of poison in your body!
You barely miss the goblin. You grab the goblin. You constrict the goblin.
You feel very sick. The goblin misses you.
There is a lethal amount of poison in your body!
You tentacle-slap the goblin but do no damage.
You tentacle-slap the goblin.
You kill the goblin!
You feel very sick.
There is a lethal amount of poison in your body!
You are too injured to fight recklessly!
You are too injured to fight recklessly!
You are too injured to fight recklessly!
There is a lethal amount of poison in your body!
You are too injured to fight recklessly!
There is a lethal amount of poison in your body!
You are too injured to fight recklessly!
You aren't carrying any potions.
You feel sick.
You see here a +2 dagger of venom.
Found 9 gold pieces.
* * * LOW HITPOINT WARNING * * *
You feel sick.
Found a scroll labelled OKHLEZXA QIANAQ.
* * * LOW HITPOINT WARNING * * *
You feel sick.
* * * LOW HITPOINT WARNING * * *
You feel sick.
You see here 2 blue potions.
e - 2 blue potions
* * * LOW HITPOINT WARNING * * *
You feel sick.
It was a potion of lignification.
You turn into a tree.
Your +0 hat melds into your body.
Your roots penetrate the ground.
* * * LOW HITPOINT WARNING * * *
You feel sick.
You die...

#....# ≈≈≈ +$...# ≈≈.
#....# #.. #....#
#.[###....# ....).....+
~
##########......###+.~.~
.........#...)..♣....$.~
.........#..####......~≈
..<......#.## ......~~≈
.........#.## #........~
.........#..# #.?......≈
#.#.#######.###.......~~
#...# #..............~.~
#.#.# #.##.#####......##
#...###+##..###


There were no monsters in sight!

Vanquished Creatures
  2 goblins (D:1)
2 creatures vanquished.

Notes
Turn   | Place    | Note
-------+----------+-------------------------------------------
     0 | D:1      | Ethylacetat the Octopode Gladiator began the quest for the
                  | Orb.
     0 | D:1      | Reached XP level 1. HP: 14/14 MP: 1/1
    67 | D:1      | HP: 1/21 [poisoned by a goblin]
    68 | D:1      | Succumbed to a goblin's poison

Illustrated notes

Levels and vault maps discovered:
D:1:      lemuel_arrival_hallway, layout_basic, serial_shops,
          nicolae_shop_waterfront, chequers_ecumenical_altar_island

Action                     || total
---------------------------++-------
  Melee: Unarmed           ||     3
         Constrict         ||     2
         Punch             ||     1
    Use: Potion            ||     1
  Dodge: Dodged            ||     2

Table legend: (Time is in decaauts)
 A = Elapsed time spent in this place.
 B = Non-inter-level travel time spent in this place.
 C = Inter-level travel time spent in this place.
 D = Time resting spent in this place.
 E = Time spent auto-exploring this place.
 F = Levels seen in this place.
 G = Mean time per level.
                   A        B        C        D        E       F      G
               +--------+--------+--------+--------+--------+-----+--------+
         Total |     67 |     67 |      0 |      0 |     46 |   1 |   67.0 |
       Dungeon |     67 |     67 |      0 |      0 |     46 |   1 |   67.0 |
               +--------+--------+--------+--------+--------+-----+--------+

Top non-repeatable levels by time:
     D:1: 67 daAuts
